NCAA
PITTSBURGH PANTHERS @ GEORGIA BULLDOGS
05/16/2023
 
TOP OF THE 1ST
Pittsburgh Panthers batting - Pitching for Georgia Bulldogs : RHP Rafael Castillo
Pitching: RHP Rafael Castillo
Batting: RHB Gerald Arnold 0-0: Ball
1-0: Ball
2-0: Ball
3-0: Base on Balls
Batting: SHB Chet Johnston 0-0: Ball
1-0: Ball
2-0: Swinging Strike
2-1: Foul Ball, location: 2F
2-2: Strikes out swinging
Batting: RHB León Rivera 0-0: Swinging Strike
0-1: Ball
1-1: Swinging Strike
1-2: Ball
2-2: Strikes out swinging
Batting: LHB Mark Folger 0-0: Ball
1-0: Foul Ball, location: 2F
1-1: SINGLE (Groundball, 3D)
Gerald Arnold to second
Runner from 2nd tries for 3rd, SAFE, throw made to third
Mark Folger to second
Batting: LHB Phil Neal 0-0: Ball
1-0: Ball
2-0: Foul Ball, location: 2F
2-1: Ball
Wild Pitch!
Gerald Arnold scores
Mark Folger to third
3-1: SINGLE (Groundball, 34D)
Mark Folger scores
Batting: RHB Aaron Grizzle 0-0: Ball
1-0: Foul Ball, location: 2F
1-1: Swinging Strike
1-2: Foul Ball, location: 2F
1-2: Foul Ball, location: 2F
1-2: Strikes out looking
Top of the 1st over - 2 run(s), 2 hit(s), 0 error(s), 1 left on base; Pittsburgh 2 - Georgia 0
BOTTOM OF THE 1ST
Georgia Bulldogs batting - Pitching for Pittsburgh Panthers : RHP Scott Doss
Pitching: RHP Scott Doss
Batting: RHB Jeremiah Soto 0-0: Swinging Strike
0-1: Ball
1-1: Ball
2-1: Ground out 1-3 (Groundball, 23)
Batting: RHB Jesús Ortíz 0-0: Ball
1-0: Called Strike
1-1: Ball
2-1: Ball
3-1: Fly out, F9 (Flyball, 9M)
Batting: RHB Nick Harris 0-0: Ground out 4-3 (Groundball, 4)
Bottom of the 1st over - 0 run(s), 0 hit(s), 0 error(s), 0 left on base; Pittsburgh 2 - Georgia 0
TOP OF THE 2ND
Pittsburgh Panthers batting - Pitching for Georgia Bulldogs : RHP Rafael Castillo
Batting: SHB Jacob Everett 0-0: SOLO HOME RUN (Flyball, 89XD), Distance : 383 ft
Batting: RHB David Kerr 0-0: Ball
1-0: Ball
2-0: Called Strike
2-1: Swinging Strike
2-2: Strikes out swinging
Batting: RHB Damon McKay 0-0: Ball
1-0: SINGLE (Groundball, 56D)
Batting: RHB Gerald Arnold 0-0: Called Strike
0-1: Ball
1-1: Swinging Strike
1-2: Fly out, F8 (Flyball, 8RS)
Batting: SHB Chet Johnston 0-0: Called Strike
0-1: Ball
1-1: Ball
2-1: Ball
3-1: Base on Balls
Damon McKay to second
Batting: RHB León Rivera 0-0: Ball
1-0: Called Strike
1-1: Ball
2-1: Swinging Strike
2-2: Ball
3-2: Strikes out swinging
Top of the 2nd over - 1 run(s), 2 hit(s), 0 error(s), 2 left on base; Pittsburgh 3 - Georgia 0
BOTTOM OF THE 2ND
Georgia Bulldogs batting - Pitching for Pittsburgh Panthers : RHP Scott Doss
Batting: RHB Francisco Rodríguez 0-0: Ball
1-0: Ball
2-0: Fly out, F9 (Flyball, 89M)
Batting: SHB Lawrence Farley Single, Error in OF, E7, batter to second base
Batting: RHB Félix Castro 0-0: Foul Ball, location: 2F
0-1: Swinging Strike
0-2: Ball
1-2: Foul Ball, location: 2F
1-2: Ball
2-2: Ball
3-2: Strikes out looking
Batting: RHB John Dyer 0-0: Ball
1-0: Swinging Strike
1-1: Called Strike
1-2: Foul Ball, location: 2F
1-2: Strikes out looking
Bottom of the 2nd over - 0 run(s), 1 hit(s), 1 error(s), 1 left on base; Pittsburgh 3 - Georgia 0
TOP OF THE 3RD
Pittsburgh Panthers batting - Pitching for Georgia Bulldogs : RHP Rafael Castillo
Batting: LHB Mark Folger 0-0: Ground out 4-3 (Groundball, 34)
Batting: LHB Phil Neal 0-0: Called Strike
0-1: Ground out 4-3 (Groundball, 4)
Batting: RHB Aaron Grizzle 0-0: Ball
1-0: Foul Ball, location: 2F
1-1: Ball
2-1: Ball
3-1: Base on Balls
Batting: SHB Jacob Everett 0-0: Called Strike
0-1: Called Strike
0-2: Ball
1-2: Strikes out swinging
Top of the 3rd over - 0 run(s), 0 hit(s), 0 error(s), 1 left on base; Pittsburgh 3 - Georgia 0
BOTTOM OF THE 3RD
Georgia Bulldogs batting - Pitching for Pittsburgh Panthers : RHP Scott Doss
Batting: LHB Dave Lee 0-0: Ball
1-0: Ball
2-0: Foul Ball, location: 2F
2-1: SINGLE (Groundball, 56D)
Batting: RHB Jorge Pérez 0-0: Ball
1-0: Swinging Strike
1-1: Ball
2-1: Foul Ball, location: 2F
2-2: Ball
3-2: Base on Balls
Dave Lee to second
Batting: RHB Jeremiah Soto 0-0: Ball
1-0: Ball
2-0: Ball
3-0: Called Strike
3-1: Foul Ball, location: 2F
3-2: Base on Balls
Dave Lee to third
Jorge Pérez to second
Batting: RHB Jesús Ortíz 0-0: Fly out, F7 (Flyball, 7M)
Runner from 3rd tags up, SCORES, no throw
Batting: RHB Nick Harris 0-0: Foul Ball, location: 2F
0-1: Foul Ball, location: 2F
0-2: Ball
1-2: DOUBLE (Line Drive, 8LM)
Jorge Pérez scores
Jeremiah Soto to third
Runner from 3rd tries for Home, SAFE, no throw or cutoff
Batting: RHB Francisco Rodríguez 0-0: 2-RUN HOME RUN (Flyball, 7D), Distance : 355 ft
Batting: SHB Lawrence Farley 0-0: Fly out, F8 (Line Drive, 8LM)
Batting: RHB Félix Castro 0-0: Ball
1-0: DOUBLE (Line Drive, 5L)
Batting: RHB John Dyer 0-0: Ball
1-0: Ball
2-0: Ball
3-0: Called Strike
3-1: Foul Ball, location: 2F
3-2: Base on Balls
Batting: LHB Dave Lee 0-0: Called Strike
0-1: Foul Ball, location: 2F
0-2: Strikes out looking
Bottom of the 3rd over - 5 run(s), 4 hit(s), 0 error(s), 2 left on base; Pittsburgh 3 - Georgia 5
TOP OF THE 4TH
Pittsburgh Panthers batting - Pitching for Georgia Bulldogs : RHP Rafael Castillo
Batting: RHB David Kerr 0-0: Fly out, F8 (Flyball, 8LM)
Batting: RHB Damon McKay 0-0: Ball
1-0: Ground out 1-3 (Groundball, 15)
Batting: RHB Gerald Arnold 0-0: Ball
1-0: Ball
2-0: Ball
3-0: Base on Balls
Batting: SHB Chet Johnston 0-0: Called Strike
0-1: DOUBLE (Line Drive, 8LXD)
Gerald Arnold to third
Runner from 3rd tries for Home, SAFE, no throw or cutoff
Batting: RHB León Rivera 0-0: Ball
1-0: Ball
2-0: Ball
3-0: Called Strike
3-1: Foul Ball, location: 2F
3-2: Base on Balls
Batting: LHB Mark Folger 0-0: Ball
1-0: Ball
2-0: Foul Ball, location: 2F
2-1: Fly out, F3 (Line Drive, 3L)
Top of the 4th over - 1 run(s), 1 hit(s), 0 error(s), 2 left on base; Pittsburgh 4 - Georgia 5
BOTTOM OF THE 4TH
Georgia Bulldogs batting - Pitching for Pittsburgh Panthers : RHP Scott Doss
Batting: RHB Jorge Pérez 0-0: Ball
1-0: Ball
2-0: Ball
3-0: Base on Balls
Batting: RHB Jeremiah Soto 0-0: Called Strike
0-1: 2-RUN HOME RUN (Flyball, 7D), Distance : 345 ft
Pitching: RHP Steve Gandarilla
Batting: RHB Jesús Ortíz 0-0: Ball
1-0: Ball
2-0: Called Strike
2-1: Ball
3-1: Called Strike
3-2: Base on Balls
Batting: RHB Nick Harris 0-0: Ball
1-0: Swinging Strike
1-1: Fly out, F4 (Popup, 4MD)
Batting: RHB Francisco Rodríguez 0-0: Foul Ball, location: 2F
0-1: Ball
1-1: Ball
Wild Pitch!
Jesús Ortíz to second
2-1: Foul Ball, location: 2F
2-2: Strikes out swinging
Batting: SHB Lawrence Farley 0-0: Called Strike
0-1: Swinging Strike
0-2: SINGLE (Line Drive, 7S)
Jesús Ortíz to third
Batting: RHB Félix Castro 0-0: Foul Ball, location: 2F
0-1: SINGLE (Groundball, 56)
Jesús Ortíz scores
Lawrence Farley to second
Batting: RHB John Dyer 0-0: Ball
1-0: Called Strike
1-1: Ball
2-1: SINGLE (Flyball, 78S)
Lawrence Farley to third
Félix Castro to second
Runner from 3rd tries for Home, SAFE, no throw or cutoff
Batting: LHB Dave Lee 0-0: Called Strike
0-1: Ball
1-1: Fly out, F7 (Flyball, 78M)
Bottom of the 4th over - 4 run(s), 4 hit(s), 0 error(s), 2 left on base; Pittsburgh 4 - Georgia 9
TOP OF THE 5TH
Pittsburgh Panthers batting - Pitching for Georgia Bulldogs : RHP Rafael Castillo
Pitching: LHP Jack Brown
Batting: LHB Phil Neal 0-0: Ball
1-0: Ball
2-0: Ball
3-0: Called Strike
3-1: Base on Balls
Batting: RHB Aaron Grizzle 0-0: Ball
1-0: SINGLE (Flyball, 4D)
Phil Neal to second
Batting: SHB Jacob Everett 0-0: Ball
1-0: Ball
2-0: Called Strike
2-1: Ball
3-1: Foul Ball, location: 2F
3-2: Base on Balls
Phil Neal to third
Aaron Grizzle to second
Batting: RHB David Kerr 0-0: Swinging Strike
0-1: Foul Ball, location: 2F
0-2: Ball
1-2: SINGLE (Groundball, 56D)
Phil Neal scores
Aaron Grizzle to third
Jacob Everett to second
Batting: RHB Damon McKay 0-0: DOUBLE (Flyball, 8LD)
Aaron Grizzle scores
Jacob Everett scores
David Kerr to third
Runner from 3rd tries for Home, SAFE, throw made home
Pitching: RHP Dave Hinkley
Batting: RHB Gerald Arnold 0-0: Ball
1-0: Swinging Strike
1-1: SINGLE (Line Drive, 4MD)
Damon McKay to third
Batting: SHB Chet Johnston 0-0: Foul Ball, location: 2F
0-1: Fly out, F6 (Popup, 56D)
Batting: RHB León Rivera 0-0: Ball
Pickoff Throw to First - Out!
1-0: Fly out, F5 (Popup, 5F)
Top of the 5th over - 4 run(s), 4 hit(s), 0 error(s), 1 left on base; Pittsburgh 8 - Georgia 9
BOTTOM OF THE 5TH
Georgia Bulldogs batting - Pitching for Pittsburgh Panthers : RHP Steve Gandarilla
Batting: RHB Jorge Pérez 0-0: Ball
1-0: Called Strike
1-1: Ball
2-1: Foul Ball, location: 2F
2-2: Fly out, F8 (Flyball, 8LM)
Batting: RHB Jeremiah Soto 0-0: Ball
1-0: Ball
2-0: Fly out, F1 (Line Drive, 13)
Batting: RHB Jesús Ortíz 0-0: Ball
1-0: Ball
2-0: Called Strike
2-1: Ground out 1-3 (Groundball, 15)
Bottom of the 5th over - 0 run(s), 0 hit(s), 0 error(s), 0 left on base; Pittsburgh 8 - Georgia 9
TOP OF THE 6TH
Pittsburgh Panthers batting - Pitching for Georgia Bulldogs : RHP Dave Hinkley
Batting: LHB Mark Folger 0-0: Called Strike
0-1: Ground out 6-3 (Groundball, 56)
Batting: LHB Phil Neal 0-0: Ball
1-0: Called Strike
1-1: Ball
2-1: Ball
3-1: Base on Balls
Batting: RHB Aaron Grizzle 0-0: 2-RUN HOME RUN (Flyball, 78XD), Distance : 385 ft
Batting: SHB Jacob Everett 0-0: Called Strike
0-1: Ball
1-1: Called Strike
1-2: Ball
2-2: Strikes out looking
Batting: RHB David Kerr 0-0: Ball
1-0: Called Strike
1-1: Ball
2-1: Ball
3-1: Fly out, F3 (Popup, 3F)
Top of the 6th over - 2 run(s), 1 hit(s), 0 error(s), 0 left on base; Pittsburgh 10 - Georgia 9
BOTTOM OF THE 6TH
Georgia Bulldogs batting - Pitching for Pittsburgh Panthers : RHP Steve Gandarilla
Batting: RHB Nick Harris 0-0: Called Strike
0-1: Called Strike
0-2: Fly out, F4 (Popup, 3)
Pitching: RHP Dusty Lester
Batting: RHB Francisco Rodríguez 0-0: Swinging Strike
0-1: Ball
1-1: Ball
2-1: Swinging Strike
2-2: Foul Ball, location: 2F
2-2: Foul Ball, location: 2F
2-2: Strikes out swinging
Batting: SHB Lawrence Farley 0-0: Foul Ball, location: 2F
0-1: Swinging Strike
0-2: Ball
1-2: Foul Ball, location: 2F
1-2: Foul Ball, location: 2F
1-2: Fly out, F4 (Line Drive, 4)
Bottom of the 6th over - 0 run(s), 0 hit(s), 0 error(s), 0 left on base; Pittsburgh 10 - Georgia 9
TOP OF THE 7TH
Pittsburgh Panthers batting - Pitching for Georgia Bulldogs : RHP Dave Hinkley
Pitching: RHP Tommy Johnson
Batting: RHB Damon McKay 0-0: Called Strike
0-1: Swinging Strike
0-2: Fly out, F9 (Line Drive, 9S)
Batting: RHB Gerald Arnold 0-0: Ball
1-0: Called Strike
1-1: Ball
2-1: Ball
3-1: Base on Balls
Batting: SHB Chet Johnston 0-0: Ball
1-0: Called Strike
Gerald Arnold steals 2nd base
1-1: Ball
2-1: Swinging Strike
2-2: Strikes out looking
Batting: RHB León Rivera 0-0: Ball
1-0: Ball
2-0: Swinging Strike
2-1: Foul Ball, location: 2F
2-2: Ball
3-2: Strikes out swinging
Top of the 7th over - 0 run(s), 0 hit(s), 0 error(s), 1 left on base; Pittsburgh 10 - Georgia 9
BOTTOM OF THE 7TH
Georgia Bulldogs batting - Pitching for Pittsburgh Panthers : RHP Dusty Lester
Batting: RHB Félix Castro 0-0: Fly out, F8 (Flyball, 78XD)
Batting: RHB John Dyer 0-0: Fly out, F7 (Flyball, 7S)
Batting: LHB Dave Lee 0-0: Swinging Strike
0-1: SINGLE (Groundball, 13S) (infield hit)
Batting: RHB Jorge Pérez 0-0: Ball
1-0: DOUBLE (Flyball, 8LD)
Dave Lee to third
Runner from 3rd tries for Home, SAFE, no throw or cutoff
Batting: RHB Jeremiah Soto 0-0: Ball
1-0: Ball
2-0: Foul Ball, location: 2F
2-1: Foul Ball, location: 2F
2-2: Ball
3-2: Foul Ball, location: 2F
3-2: Base on Balls
Batting: RHB Jesús Ortíz 0-0: Ball
1-0: Foul Ball, location: 2F
1-1: Foul Ball, location: 2F
1-2: Foul Ball, location: 2F
1-2: Strikes out swinging
Bottom of the 7th over - 1 run(s), 2 hit(s), 0 error(s), 2 left on base; Pittsburgh 10 - Georgia 10
TOP OF THE 8TH
Pittsburgh Panthers batting - Pitching for Georgia Bulldogs : RHP Tommy Johnson
Batting: LHB Mark Folger 0-0: Called Strike
0-1: Ball
1-1: Called Strike
1-2: Foul Ball, location: 2F
1-2: Ball
2-2: Fly out, F5 (Line Drive, 56)
Batting: LHB Phil Neal 0-0: Ball
1-0: Ball
2-0: Called Strike
2-1: Ball
3-1: Called Strike
3-2: Strikes out looking
Pinch Hitting: RHB Jorge Gonzáles 0-0: Ball
1-0: Ball
2-0: DOUBLE (Line Drive, 9LM)
Batting: SHB Jacob Everett 0-0: Foul Ball, location: 2F
0-1: Ball
1-1: Called Strike
1-2: Foul Ball, location: 2F
1-2: Strikes out swinging
Top of the 8th over - 0 run(s), 1 hit(s), 0 error(s), 1 left on base; Pittsburgh 10 - Georgia 10
BOTTOM OF THE 8TH
Georgia Bulldogs batting - Pitching for Pittsburgh Panthers : RHP Dusty Lester
Now at 3B: Pat Moore
Batting: RHB Nick Harris 0-0: Called Strike
0-1: Ball
1-1: Ball
2-1: Ball
3-1: Base on Balls
Batting: RHB Francisco Rodríguez 0-0: Ball
Wild Pitch!
Nick Harris to second
1-0: Fly out, F8 (Flyball, 8LM)
Pitching: RHP Bob Duncan
Batting: SHB Lawrence Farley 0-0: Fly out, F8 (Flyball, 8RM)
Batting: RHB Félix Castro 0-0: Ball
1-0: Fly out, F9 (Flyball, 9S)
Bottom of the 8th over - 0 run(s), 0 hit(s), 0 error(s), 1 left on base; Pittsburgh 10 - Georgia 10
TOP OF THE 9TH
Pittsburgh Panthers batting - Pitching for Georgia Bulldogs : RHP Tommy Johnson
Pitching: RHP Alex Richardson
Batting: RHB David Kerr 0-0: Foul Ball, location: 2F
0-1: Foul Ball, location: 2F
0-2: DOUBLE (Line Drive, 7LS)
Batting: RHB Damon McKay 0-0: Called Strike
0-1: Ball
1-1: Swinging Strike
1-2: Strikes out looking
Batting: RHB Gerald Arnold 0-0: Ball
1-0: Foul Ball, location: 2F
1-1: Called Strike
1-2: Ball
2-2: Strikes out swinging
Batting: SHB Chet Johnston 0-0: Fly out, F7 (Flyball, 7S)
Top of the 9th over - 0 run(s), 1 hit(s), 0 error(s), 1 left on base; Pittsburgh 10 - Georgia 10
BOTTOM OF THE 9TH
Georgia Bulldogs batting - Pitching for Pittsburgh Panthers : RHP Bob Duncan
Pitching: RHP Cisco Quintana
Batting: RHB John Dyer 0-0: Ball
1-0: Ball
2-0: Ball
3-0: Base on Balls
Batting: LHB Dave Lee 0-0: Ball
1-0: Foul Ball, location: 2F
1-1: Ball
2-1: Ball
3-1: Fly out, F7 (Flyball, 7M)
Batting: RHB Jorge Pérez 0-0: Reached on error, E6 (Groundball, 6M)
John Dyer to second
Pinch Runner at 2nd Mike White:
Batting: RHB Jeremiah Soto 0-0: Called Strike
0-1: Ball
1-1: SINGLE (Flyball, 8RS)
Mike White to third
Jorge Pérez to second
Batting: RHB Jesús Ortíz 0-0: Fly out, F8 (Flyball, 8RD)
Runner from 3rd tags up, SCORES, no throw
This league is powered by Out of the Park Baseball, the baseball management simulation game for PC, Mac and Linux
Wednesday, December 2nd, 2015 - OOTP Baseball 16.8 Build 38